 Dungeon Crawl Stone Soup version 0.22.1-1-ga44c0e5 (webtiles) character file.

37 Wootface the Grave Robber (level 3, 0/24 HPs)
             Began as a Mummy Necromancer on Oct 3, 2018.
             Slain by an adder (3 damage)
             ... on level 3 of the Dungeon.
             The game lasted 00:15:15 (1303 turns).

Wootface the Grave Robber (Mummy Necromancer)       Turns: 1303, Time: 00:15:16

Health: 0/24       AC:  2    Str: 11    XL:     3   Next: 23%
Magic:  1/7        EV: 12    Int: 15    God:
Gold:   105        SH:  0    Dex: 12    Spells: 6/8 levels left

rFire    x . .     SeeInvis .   b - +0 hand axe
rCold    + . .     Gourm    .   (no shield)
rNeg     + + +     Faith    .   a - +0 robe
rPois    ∞         Spirit   .   (no helmet)
rElec    .         Reflect  .   (no cloak)
rCorr    .         Harm     .   (no gloves)
MR       .....                  (no boots)
Stlth    ++........             (no amulet)
HPRegen  0.08/turn              (no ring)
MPRegen  0.10/turn              (no ring)

@: no status effects
A: no food or potions, fire vulnerability, cold resistance 1, negative energy
resistance 3, torment resistance, unbreathing
a: no special abilities


You were on level 3 of the Dungeon.
You were not hungry.

You visited 1 branch of the dungeon, and saw 4 of its levels.

You collected 105 gold pieces.

Inventory:

Hand Weapons
 b - a +0 hand axe (weapon)
Armour
 a - a +0 robe (worn)
 e - a +0 robe
Jewellery
 h - a +2 ring of intelligence
Scrolls
 d - 2 scrolls of identify
 f - a scroll of remove curse {unknown}
 g - a scroll of fear {unknown}


   Skills:
 + Level 1.6 Dodging
 + Level 1.6 Stealth
 + Level 3.4 Spellcasting
 + Level 4.7 Necromancy


You had 6 spell levels left.
You knew the following spells:

 Your Spells              Type           Power        Failure   Level  Hunger
a - Pain                  Necr           ###.         2%          1    N/A
b - Animate Skeleton      Necr           N/A          2%          1    N/A

Your spell library contained the following spells:

 Spells                   Type           Power        Failure   Level  Hunger
 Vampiric Draining        Necr           ###.......   9%          3    N/A
 Animate Dead             Necr           N/A          28%         4    N/A
 Regeneration             Chrm/Necr      Unusable     N/A         3    N/A

Dungeon Overview and Level Annotations

Branches:
Dungeon (4/15)
 Temple: D:4-7

Altars:
Elyvilon


Innate Abilities, Weirdness & Mutations

You do not eat or drink.
Your flesh is vulnerable to fire.
You are immune to poison.
Your flesh is cold resistant. (rC+)
You are immune to negative energy. (rN+++)
You are immune to unholy pain and torment.
You can survive without breathing.


Message History

Aiming: Pain (safe; 2% risk of failure)
Press: ? - help, Shift-Dir - straight line, f - bat
Aim: a bat (chance to defeat MR: 87%)
The bat writhes in agony!
You kill the bat!
You see here 8 gold pieces.
As you read the scroll labeled WEETTE HEXZANI, it crumbles to dust.
The creatures around you are filled with an inner flame!
It was a scroll of immolation.
The adder bites you but does no damage.
As you read the scroll labeled LACLIK NIAHUAFASA, it crumbles to dust.
It is a scroll of identify.
h - a +2 ring of intelligence The adder bites you.
* * * LOW HITPOINT WARNING * * *
Casting: Pain (safe; 2% risk of failure)
Confirm with . or Enter, or press ? or * to list all spells.
Okay, then.
The adder barely misses you. The adder bites you.
You die...

### ###
... ...
#.# #.#
#.# #.#
##.###.#
##.#.##@#
#>###.#S#
#..S.S.##
##$.#
....###
#.### .#
#.# #.#
... ###


You could see an adder (inner flame).

Vanquished Creatures
  An adder (D:3)
  A dart slug (D:1)
  A leopard gecko (D:2)
  4 bats
  2 giant cockroaches (D:2)
  3 goblins (D:1)
  2 hobgoblins (D:1)
  2 frilled lizards (D:1)
  7 kobolds (D:1)
  3 rats
26 creatures vanquished.

Notes
Turn   | Place    | Note
-------+----------+-------------------------------------------
     0 | D:1      | Wootface the Mummy Necromancer began the quest for the Orb.
     0 | D:1      | Reached XP level 1. HP: 13/13 MP: 4/4
   324 | D:1      | Reached XP level 2. HP: 18/19 MP: 0/5
   340 | D:1      | Learned a level 1 spell: Animate Skeleton
  1256 | D:2      | You fall through a shaft for 2 floors!
  1262 | D:4      | Noticed a howler monkey
  1263 | D:4      | Found a white marble altar of Elyvilon.
  1264 | D:4      | Noticed a howler monkey
  1294 | D:3      | Reached XP level 3. HP: 6/24 MP: 1/7
  1303 | D:3      | Slain by an adder

Skill      XL: |  1  2 |
---------------+-------+-----
Spellcasting   | 3 |  3.4
Dodging        | |  1.6
Stealth        | |  1.6
Necromancy     | |  4.7

Action                   || total
-------------------------++-------
Melee: Hand axe          ||     1
 Cast: Pain              ||    49
       Animate Skeleton  ||     5
  Use: Scroll            ||     2
Armor: Robe              ||     4
Dodge: Dodged            ||    15
